 Dungeon Crawl Stone Soup version 0.23.2-40-g277498a001 (webtiles) character file.

Game seed: 2772612266633368903

1015 Hylith the Chopper (level 8, -7/68 (70) HPs)
             Began as a Ghoul Fighter on Sept 24, 2019.
             Was an Initiate of Makhleb.
             Mangled by a slave (8 damage)
             ... led by Pikel
             ... on level 5 of the Dungeon.
             The game lasted 00:08:06 (5162 turns).

Hylith the Chopper (Ghoul Fighter)                  Turns: 5162, Time: 00:08:06

HP:   -7/68 (70)    AC: 10    Str: 22    XL:     8   Next: 21%
MP:   7/7           EV:  7    Int:  3    God:    Makhleb [......]
Gold: 199           SH:  9    Dex:  8    Spells: 7/7 levels left

rFire    . . .     SeeInvis .   a - +0 war axe
rCold    + . .     Gourm    .   c - +0 shield
rNeg     + + +     Faith    .   b - +0 scale mail
rPois    ∞         Spirit   .   (no helmet)
rElec    .         Reflect  .   (no cloak)
rCorr    .         Harm     .   (no gloves)
MR       +....                  (no boots)
Stlth    ..........             (no amulet)
HPRegen  0.00/turn              s - ring of protection from magic
MPRegen  0.10/turn              i - +4 ring of protection

@: rotting
A: rotting body, claws 1, carnivore, cold resistance 1, negative energy
resistance 3, inhibited regeneration, torment resistance, unbreathing
a: Renounce Religion


You were on level 5 of the Dungeon.
You worshipped Makhleb.
Makhleb was noncommittal.
You were not hungry.

You visited 2 branches of the dungeon, and saw 7 of its levels.

You collected 199 gold pieces.

Inventory:

Hand Weapons
 a - a +0 war axe (weapon)
Armour
 b - a +0 scale mail (worn)
 c - a +0 shield (worn)
Jewellery
 i - a +4 ring of protection (right claw)
 m - an uncursed ring of protection from cold
 o - an uncursed ring of magical power
 s - a ring of protection from magic (left claw)
 v - an uncursed ring of protection from cold
Scrolls
 h - a scroll of amnesia {unknown}
 j - a scroll of enchant weapon {unknown}
 k - 3 scrolls of remove curse {unknown}
 l - 2 scrolls of fog {unknown}
 n - 4 scrolls of immolation {unknown}
 q - 6 scrolls of identify {unknown}
 r - a scroll of magic mapping {unknown}
 t - a scroll of teleportation {unknown}
Potions
 d - 2 potions of might
 e - 5 potions of heal wounds {unknown}
 g - 2 potions of curing {unknown}
 p - 2 potions of haste {unknown}
 u - a potion of lignification {unknown}
 x - a potion of brilliance {unknown}
Comestibles
 f - 14 rations


   Skills:
 + Level 6.0 Fighting
 * Level 6.2 Axes
 - Level 3.0 Armour
 + Level 4.9 Shields


You had 7 spell levels left.
You didn't know any spells.
Your spell library contained the following spells:

 Spells                   Type           Power        Failure   Level  Hunger
 Magic Dart               Conj           #...         99%         1    ##.....
 Searing Ray              Conj           #.....       100%        2    ###....
 Dazzling Spray           Conj/Hex       #.....       100%        3    ####...
 Force Lance              Conj/Tloc      #.......     100%        4    #####..
 Fulminant Prism          Conj/Hex       #.........   100%        4    #####..
 Iskenderun's Mystic Bla  Conj           #.......     100%        4    #####..


Dungeon Overview and Level Annotations

Branches:
Dungeon (6/15)             Temple (1/1) D:4

Altars:
Ashenzari
Cheibriados
Dithmenos
Hepliaklqana
Kikubaaqudgha
Makhleb
Nemelex Xobeh
Okawaru
Qazlal
Ru
Trog
Vehumet
Wu Jian
Xom
Zin
The Shining One

Annotations:
D:6 Pikel


Innate Abilities, Weirdness & Mutations

Your body is rotting away.
You thrive on raw meat.
You are immune to poison.
You have sharp fingernails.
You are carnivorous and can eat meat at any time.
Your flesh is cold resistant. (rC+)
You are immune to negative energy. (rN+++)
You do not regenerate when monsters are visible.
You are immune to unholy pain and torment.
You can survive without breathing.


Message History

You hit the slave. You closely miss the bullfrog.
You block the bullfrog's attack. You block the slave's attack.
The slave hits you but does no damage. The bullfrog hits you.
* * * LOW HITPOINT WARNING * * *
The slave hits you!
* * * LOW HITPOINT WARNING * * *
The slave closely misses you.
You completely miss the slave.
The slave is almost dead.
Your shield prevents you from hitting the bullfrog.
You closely miss the slave. The bullfrog hits you!
* * * LOW HITPOINT WARNING * * *
You block the slave's attack. The slave hits you but does no damage.
You block the bullfrog's attack.
You hit the slave.
You kill the slave!
That felt strangely unrewarding.
You closely miss the bullfrog. You closely miss the slave.
You block the bullfrog's attack. The slave hits you!
You die...

.######.#.##.## #.#
)# #..........# #.#
)###.##.#.#...###.#
..##.##.#.........#
.....##.#..##.##..#
..#####..#.###....#
.## #.##.# ##..##
.# ##.#.###.#p#
.##### ##..##.##@#
.....# #......[F#
####.# #.#....###
#.# #.#.##.### #.#
#........# #.#
#..#####.# ####.#
#..# #.#
.....####..# #.#
.#.........# #.#


You could see a slave and a bullfrog.

Vanquished Creatures
  A slave (D:5)
  A phantom (D:4)
  Blork the orc (D:5)
  4 scorpions
  A howler monkey (D:2)
  A crimson imp (D:5)
  3 orc priests
  A jelly (D:5)
  5 hounds
  A worker ant (D:4)
  3 orc wizards
  3 hound skeletons (D:4)
  A worker ant zombie (D:5)
  A howler monkey zombie (D:5)
  6 adders
  An adder zombie (D:5)
  4 worms
  A dart slug (D:2)
  18 orcs
  2 ball pythons
  5 bats
  10 giant cockroaches
  A goblin (D:3)
  2 hobgoblins
  8 jackals (D:3)
  A quokka (D:5)
  6 frilled lizards
  8 kobolds
  A quokka zombie (D:5)
  4 rats
105 creatures vanquished.

Notes
Turn   | Place    | Note
-------+----------+-------------------------------------------
     0 | D:1      | Hylith the Ghoul Fighter began the quest for the Orb.
     0 | D:1      | Reached XP level 1. HP: 19/19 MP: 0/0
   576 | D:1      | Reached XP level 2. HP: 25/26 MP: 1/1
   983 | D:2      | Reached XP level 3. HP: 31/31 MP: 2/2
  1102 | D:2      | Reached XP level 4. HP: 11/40 MP: 3/3
  1844 | D:3      | Reached XP level 5. HP: 30/45 MP: 4/4
  2665 | D:3      | Reached XP level 6. HP: 38/53 MP: 5/5
  3141 | D:4      | Noticed a phantom
  3670 | D:4      | Reached skill level 5 in Fighting
  3670 | D:4      | Reached XP level 7. HP: 60/61 MP: 6/6
  3758 | D:4      | Found a staircase to the Ecumenical Temple.
  3764 | Temple   | Entered the Ecumenical Temple
  3849 | Temple   | Became a worshipper of Makhleb the Destroyer
  3899 | D:4      | Reached skill level 5 in Axes
  4204 | D:5      | Entered Level 5 of the Dungeon
  4670 | D:5      | Reached XP level 8. HP: 65/70 MP: 7/7
  4698 | D:5      | Noticed Blork the orc
  4718 | D:5      | Killed Blork the orc
  5146 | D:6      | Noticed Pikel
  5161 | D:5      | HP: 1/68 [bullfrog (7)]
  5162 | D:5      | Mangled by a slave

Skill      XL: |  1  2  3  4  5  6  7  8 |
---------------+-------------------------+-----
Axes           | 2 3 4 5 6 |  6.2
Armour         | 3 |  3.0
Shields        | 3 4 |  4.9
Fighting       | 4 5 6 |  6.0

Action                   |  1- 3 |  4- 6 |  7- 9 || total
-------------------------+-------+-------+-------++-------
Melee: War axe           |   140 |   226 |   211 ||   577
  Eat: Chunk             |     3 |    10 |     3 ||    16
Armor: Scale mail        |    63 |   114 |   109 ||   286
Dodge: Dodged            |    54 |    77 |    61 ||   192
Block: Shield            |    80 |   119 |    96 ||   295
